AoeStats
← Doak

Lombardia

510091717Analyzed
3v3 RM · 2d ago on Sep 29, 2026· 34m 36s· 6 players
Game mode
Random Map
Map size
Normal (6 player)
Population
200
Speed
Normal
Resources
Standard
Victory
Conquest
Starting age
Dark Age
Ending age
Imperial Age
RankedLock teamsTeams togetherTeam positionsShared explorationLock speedFull tech treeHidden civsTurbo modeCheats
Victory
Defeat
🇬🇧 Dravidians · United Kingdom
1446
+11
🇬🇧 Khmer · United Kingdom
1413
+13
🇺🇸 Khitans · United States
1392
+13
🇨🇱 Celts · Chile
1356
-13
🇨🇳 Inca · China
1356
-13
🇨🇳 Mongols · China
1308
-11
AiM | UrikO14
9:13 Loom
11:37 Feudal Age
15:26 Castle Age
13:45 Double-Bit Axe
13:43 Horse Collar
16:20 Bow Saw
28:17 Fletching
chase kong
8:11 Loom
9:57 Feudal Age
11:59 Double-Bit Axe
11:57 Horse Collar
13:45 Wheelbarrow
16:57 Castle Age
16:46 Scale Mail Armor
纯属意外666
7:13 Loom
10:09 Feudal Age
14:43 Double-Bit Axe
17:05 Castle Age
18:42 Bow Saw
18:13 Horse Collar
20:44 Fletching
23:56 Padded Archer Armor
25:01 Bodkin Arrow
27:19 Leather Archer Armor
29:37 Gold Mining
29:38 Stone Mining
32:07 Wheelbarrow
34:38 Town Watch
37:24 Imperial Age
Doak
9:25 Feudal Age
8:29 Loom
10:00 Double-Bit Axe
13:33 Fletching
17:49 Wheelbarrow
21:58 Castle Age
21:22 Padded Archer Armor
21:59 Crossbowman
22:51 Bodkin Arrow
25:41 Ballistics
28:34 Thumb Ring
29:24 Bow Saw
31:31 Leather Archer Armor
Gbeto Supastar
7:23 Loom
9:40 Feudal Age
16:23 Scale Barding Armor
16:29 Forging
21:02 Castle Age
21:56 Bloodlines
21:47 Husbandry
21:56 Double-Bit Axe
22:50 Horse Collar
27:22 Bow Saw
27:50 Wheelbarrow
27:01 Town Watch
31:49 Hand Cart
35:59 Imperial Age
some.spiced.ham
7:27 Loom
9:51 Feudal Age
10:59 Double-Bit Axe
12:23 Forging
18:00 Scale Barding Armor
23:39 Castle Age
23:46 Light Cavalry
25:03 Iron Casting
24:49 Chain Barding Armor
25:47 Bow Saw
30:22 Husbandry
31:45 Wheelbarrow
33:38 Domestication
Connection lost

Rejoining the realm…

Still unreachable

The connection could not be restored.

Session expired

The server has moved on; the page needs a fresh start.